 Dungeon Crawl Stone Soup version 0.30-a0-49-g1cef19eb02 (webtiles) character file.

Game seed: 1501699598769857864

44 MrFrogsmire the Trooper (level 3, -1/33 HPs)
             Began as a Draconian Berserker on Sept 3, 2022.
             Was an Initiate of Qazlal.
             Slain by a scorpion (4 damage)
             ... on level 3 of the Dungeon.
             The game lasted 00:04:44 (705 turns).

MrFrogsmire the Trooper (Draconian Berserker)        Turns: 705, Time: 00:04:44

Health: -1/33      AC:  5    Str: 19    XL:     3   Next: 41%
Magic:  3/3        EV: 12    Int:  7    God:    Qazlal [......]
Gold:   83         SH:  0    Dex: 12    Spells: 2/2 levels left

rFire   . . .      SeeInvis .    a - +0 hand axe
rCold   . . .      Faith    .    (no shield)
rNeg    . . .      Spirit   .    (body armour unavailable)
rPois   .          Reflect  .    (helmet restricted)
rElec   .          Harm     .    (no cloak)
rCorr   .          Rampage  .    (no gloves)
Will    .....                    (no boots)
Stlth   +.........               b - amulet of magic regeneration
HPRegen 0.11/turn                (no ring)
MPRegen 0.48/turn                (no ring)

@: no status effects
A: AC +5, unfitting armour, cold-blooded
a: Renounce Religion


You were on level 3 of the Dungeon.
You worshipped Qazlal.
Qazlal was noncommittal.
You visited 1 branch of the dungeon, and saw 3 of its levels.

You collected 83 gold pieces.

Inventory:

Hand Weapons
 a - a +0 hand axe (weapon)
Missiles
 g - 6 boomerangs (quivered)
 j - 2 javelins
Magical Staves
 c - a staff of death
 l - a staff of fire
Jewellery
 b - an amulet of magic regeneration (around neck)
Scrolls
 d - 3 scrolls of identify {unknown}
 e - 2 scrolls of vulnerability {unknown}
 f - a scroll of blinking {unknown}
 k - a scroll of butterflies {unknown}
Potions
 h - a potion of magic {unknown}
 i - a potion of might {unknown}


   Skills:
 + Level 3.7 Fighting
 + Level 3.6 Axes
 + Level 3.1 Dodging
 + Level 0.6 Stealth


You had 2 spell levels left.
You didn't know any spells.
Your spell library contained the following spells:

 Spells                   Type           Power      Damage    Failure   Level
 Ensorcelled Hibernation  Hex/Ice        0%         N/A       56%         2
 Passwall                 Tmut/Erth      0%         N/A       56%         2
 Swiftness                Air            0%         N/A       80%         3


Dungeon Overview and Level Annotations

Branches:
Dungeon (3/15)

Altars:
Qazlal


Innate Abilities, Weirdness & Mutations

Your plain brown scales are hard. (AC +5)
You cannot fit into any form of body armour.
You are cold-blooded and may be slowed by cold attacks.


Message History

You feel sick.
You feel sick.
You are no longer poisoned.
There is an escape hatch in the floor here.
There is an escape hatch in the floor here.
You slide downwards.
The hatch slams shut behind you.
Found a knobbly jewelled staff, a dagger and 14 gold pieces.
Found a stone staircase leading down.
You see here a staff of fire.
l - a staff of fire A scorpion comes into view.
Found a scroll labelled LUSEYXZ HASH.
A ball python comes into view.
You see here 14 gold pieces.
You are too injured to fight recklessly!
You are too injured to fight recklessly!
Found a whip.
There is a stone staircase leading down here.
Found an escape hatch in the ceiling.
An orc comes into view. It is wielding a +0 mace.
Found a lumpy yellow potion.
The orc shouts!
An orc priest comes into view. It is wielding a +0 flail.
You are too injured to fight recklessly!
The scorpion barely misses you.
You hit the scorpion.
The scorpion is lightly wounded.
The scorpion closely misses you.
The orc priest calls down the wrath of Beogh upon you.
Beogh smites you!
* * * LOW HITPOINT WARNING * * *
You hear a shout!
You hit the scorpion.
The scorpion is moderately wounded.
The scorpion closely misses you.
The scorpion stings you but does no damage.
You hit the scorpion.
The scorpion is severely wounded.
You hit the dart slug. You barely miss the orc. The scorpion stings you.
You die...

. !## .. ...... ..# #
. .....##### #.# ##.#
. ........###.###.o.#
#. ........ .<#...#
..#.##...#w####.....#
............#.o.#
...###.....###.#@###
...)...........ws.##
.##.##............)##
#.................#
#####.............#
####....>.......#
#...............#
...##..$.......### ##
#....#.###...#


You could see a scorpion, an orc priest, a dart slug and an orc.

Vanquished Creatures
  2 adders (D:2)
  A worm (D:2)
  A dart slug (D:1)
  2 endoplasms
  2 goblins (D:1)
  A hobgoblin (D:1)
  4 kobolds
  A quokka (D:1)
  2 ball pythons
  3 bats (D:2)
  3 frilled lizards (D:1)
  2 rats
24 creatures vanquished.

Notes
Turn   | Place    | Note
-------+----------+-------------------------------------------
     0 | D:1      | MrFrogsmire the Draconian Berserker began the quest for the
                  | Orb.
     0 | D:1      | Reached XP level 1. HP: 19/19 MP: 1/1
    82 | D:1      | Reached XP level 2. HP: 12/26 MP: 2/2
   355 | D:2      | Reached ** piety under Trog
   380 | D:2      | HP: 1/26 [kobold/+0 dagger (1)]
   577 | D:2      | Reached XP level 3. HP: 14/33 MP: 3/3
   594 | D:2      | Found a stormy altar of Qazlal.
   604 | D:2      | Fell from the grace of Trog
   604 | D:2      | Became a worshipper of Qazlal Stormbringer
   691 | D:3      | Noticed a scorpion
   705 | D:3      | Slain by a scorpion

Illustrated notes

Levels and vault maps discovered:
D:1:      amcnicky_arrival_wind_blow, layout_basic, hangedman_glass_teeth,
          minmay_box_of_dots
D:2:      layout_rooms, basic_altar, minmay_goblin_outpost
D:3:      layout_rooms, hangedman_decor_diamond_cutter, grunt_ministairs_8,
          kennysheep_generic_room_10

Skill      XL: |  1  2 |
---------------+-------+-----
Dodging        | 3 |  3.1
Fighting       | |  3.7
Axes           | |  3.6
Stealth        | |  0.6

Action                   || total
-------------------------++-------
Melee: Hand axe          ||    66
       Tailslap          ||     9
Throw: Boomerang         ||     1
 Stab: Sleeping          ||     1
Armor: Skin              ||    27
Dodge: Dodged            ||    43

Table legend: (Time is in decaauts)
 A = Elapsed time spent in this place.
 B = Non-inter-level travel time spent in this place.
 C = Inter-level travel time spent in this place.
 D = Time resting spent in this place.
 E = Time spent auto-exploring this place.
 F = Levels seen in this place.
 G = Mean time per level.
                   A        B        C        D        E       F      G
               +--------+--------+--------+--------+--------+-----+--------+
         Total |    712 |    339 |    373 |      0 |      0 |   3 |  237.3 |
       Dungeon |    712 |    339 |    373 |      0 |      0 |   3 |  237.3 |
               +--------+--------+--------+--------+--------+-----+--------+

Top non-repeatable levels by time:
     D:2: 345 daAuts
     D:1: 345 daAuts
     D:3: 20 daAuts
